 Dungeon Crawl Stone Soup version 0.20.0-10-g0535bb4 (webtiles) character file.

400 CosmicAfro the Firebug (level 6, -1/32 HPs)
             Began as a Deep Elf Fire Elementalist on June 6, 2017.
             Slain by Pikel
             ... wielding a +2 whip of flaming
              (2 damage)
             ... on level 4 of the Dungeon.
             The game lasted 00:08:54 (3628 turns).

CosmicAfro the Firebug (Deep Elf Fire Elementalist) Turns: 3628, Time: 00:08:54

Health: -1/32      AC:  3    Str:  5    XL:     6   Next: 54%
Magic:  5/14       EV: 13    Int: 22    God:
Gold:   216        SH:  0    Dex: 15    Spells: 7/13 levels left

rFire    . . .     SeeInvis .   i - +2 dagger (protect)
rCold    . . .     Gourm    .   (no shield)
rNeg     . . .     Faith    .   a - +0 robe
rPois    .         Spirit   .   q - +0 helmet
rElec    .         Reflect  .   (no cloak)
rCorr    .         Harm     .   (no gloves)
MR       .....                  (no boots)
Stlth    ++........             (no amulet)
Regen    0.1/turn               d - ring of wizardry
MPRegen  0.2/turn               (no ring)

@: no status effects
A: no striking features
a: no special abilities


You were on level 4 of the Dungeon.
You were very hungry.

You visited 1 branch of the dungeon, and saw 4 of its levels.

You collected 216 gold pieces.

Inventory:

Hand Weapons
 i - a +2 dagger of protection (weapon)
Armour
 a - a +0 robe (worn)
 q - a +0 helmet (worn)
Jewellery
 d - a ring of wizardry (left hand)
Wands
 t - a wand of flame (29/48)
Scrolls
 f - a scroll of enchant weapon {unknown}
 g - 3 scrolls of teleportation {unknown}
 l - 3 scrolls of identify {unknown}
 m - a scroll of fear {unknown}
 o - 2 scrolls of amnesia {unknown}
 p - a scroll of immolation {unknown}
 r - a scroll of recharging {unknown}
Potions
 e - 2 potions of mutation {unknown}
 j - 3 potions of curing {unknown}
 k - 4 potions of heal wounds {unknown}
 n - a potion of might
 s - a potion of degeneration {unknown}
Books
 b - a book of Flames

   Spells                             Type                      Level
   a - Flame Tongue                   Conjuration/Fire             1
   b - Throw Flame                    Conjuration/Fire             2
   c - Conjure Flame                  Conjuration/Fire             3
   d - Inner Flame                    Hexes/Fire                   3
   e - Sticky Flame                   Conjuration/Fire             4
   f - Fireball                       Conjuration/Fire             5
Comestibles
 c - 4 bread rations
 h - 4 meat rations


   Skills:
 - Level 2.4 Dodging
 - Level 2.4 Stealth
 + Level 4.4 Spellcasting
 * Level 4.6 Conjurations
 * Level 6.0 Fire Magic


You had 7 spell levels left.
You knew the following spells:

 Your Spells              Type           Power        Failure   Level  Hunger
a - Flame Tongue          Conj/Fire      ####.        1%          1    None
b - Throw Flame           Conj/Fire      ####..       1%          2    #......
c - Conjure Flame         Conj/Fire      ####....     1%          3    ##.....


Dungeon Overview and Level Annotations

Branches:
Dungeon (4/15)
 Temple: D:4-7

Altars:
Cheibriados
Makhleb
Nemelex Xobeh
Okawaru
Ru

Annotations:
D:4 Pikel


Message History

Casting: Flame Tongue
Confirm with . or Enter, or press ? or * to list all spells.
Aiming: Flame Tongue
Press: ? - help, Shift-Dir - straight line, f/p - Pikel
Aim: Pikel, wielding a whip of flaming and wearing a robe (almost dead)
The flame tongue hits Pikel.
Pikel appears unharmed.
Pikel is almost dead.
Pikel hits you with a whip of flaming!
* * * LOW HITPOINT WARNING * * *
Pikel burns you.
* * * LOW HITPOINT WARNING * * *
Casting: Flame Tongue
Confirm with . or Enter, or press ? or * to list all spells.
Aiming: Flame Tongue
Press: ? - help, Shift-Dir - straight line, f/p - Pikel
Aim: Pikel, wielding a whip of flaming and wearing a robe (almost dead)
The flame tongue hits Pikel.
Pikel is almost dead.
Pikel hits you with a whip of flaming.
You die...

.......'.........#......#...##...
.......#.........#......#...##...
.......#.........#......#...#....
.......#....####'#......#...'....
.......#....##...#......###'##...
.......#....#....#...........#...
########....#....#...........#...
#.....#....#...........#...
#.....#...@#...........####
#.....####K#.........††....
#.....# pp#...............
#.....# .pp#......#####....
#.....#....#......#...'..).
########....#....#......#...#....
.......#....#....#......#...####'
.......#....#....#......#...#....
.......'....# #......#...#....


You could see Pikel and 4 slaves.

Vanquished Creatures
  An ogre (D:4)
  A hound (D:4)
  A bullfrog skeleton (D:4)
  Ijyb (D:4)
  2 orc wizards (D:4)
  A worker ant (D:4)
  2 gnolls (D:1)
  3 adders
  3 oozes
  A worm (D:4)
  2 dart slugs (D:1)
  2 leopard geckos
  5 orcs
  A ball python (D:4)
  A giant cockroach (D:4)
  14 goblins
  7 hobgoblins
  8 jackals
  2 quokkas (D:2)
  7 bats
  3 frilled lizards
  11 kobolds
  9 rats
88 creatures vanquished.

Notes
Turn   | Place    | Note
-------+----------+-------------------------------------------
     0 | D:1      | CosmicAfro the Deep Elf Fire Elementalist began the quest for the Orb.
     0 | D:1      | Reached XP level 1. HP: 10/10 MP: 6/6
   113 | D:1      | Reached XP level 2. HP: 15/15 MP: 2/8
   496 | D:1      | Reached skill level 4 in Fire Magic
   512 | D:1      | Reached XP level 3. HP: 17/19 MP: 2/9
   653 | D:1      | Learned a level 2 spell: Throw Flame
   657 | D:1      | Learned a level 3 spell: Conjure Flame
   929 | D:2      | Reached XP level 4. HP: 21/24 MP: 5/10
  1692 | D:3      | Reached skill level 5 in Fire Magic
  2481 | D:4      | Found a snail-covered altar of Cheibriados.
  2481 | D:4      | Found a sparkling altar of Nemelex Xobeh.
  2489 | D:4      | Reached XP level 5. HP: 23/28 MP: 8/12
  2491 | D:4      | Found an iron altar of Okawaru.
  2491 | D:4      | Found a burning altar of Makhleb.
  2492 | D:4      | Found a sacrificial altar of Ru.
  2673 | D:4      | Noticed an ogre
  2832 | D:4      | Noticed Ijyb
  2837 | D:4      | Killed Ijyb
  2864 | D:4      | Reached XP level 6. HP: 21/32 MP: 3/14
  3340 | D:4      | Reached skill level 6 in Fire Magic
  3618 | D:4      | Noticed Pikel
  3618 | D:4      | Noticed a slave
  3618 | D:4      | Noticed a slave
  3618 | D:4      | Noticed a slave
  3620 | D:4      | Noticed a slave
  3627 | D:4      | HP: 1/32 [Pikel/whip of flaming (1)]
  3628 | D:4      | Slain by Pikel

Skill      XL: |  1  2  3  4  5  6 |
---------------+-------------------+-----
Fire Magic     | 4 5 6 |  6.0
Conjurations   | 2 3 4 |  4.6
Spellcasting   | 4 |  4.4
Dodging        | |  2.4
Stealth        | |  2.4

Action                   |  1- 3 |  4- 6 || total
-------------------------+-------+-------++-------
Melee: Dagger            |     7 |     4 ||    11
 Cast: Flame Tongue      |    55 |   104 ||   159
       Throw Flame       |       |     7 ||     7
  Eat: Chunk             |       |     7 ||     7
Armor: Robe              |    11 |     8 ||    19
Dodge: Dodged            |    28 |    30 ||    58
